 Dungeon Crawl Stone Soup version 0.27.1-33-g824d729ab1 (webtiles) character file.

Game seed: 6872916914759235375

362 dianekeaton the Cudgeller (level 6, -3/51 HPs)
             Began as a Minotaur Berserker on Dec 8, 2021.
             Was a Believer of Trog.
             Slain by an ogre (8 damage)
             ... on level 4 of the Dungeon.
             The game lasted 00:07:39 (3373 turns).

dianekeaton the Cudgeller (Minotaur Berserker)      Turns: 3373, Time: 00:07:40

Health: -3/51      AC:  5    Str: 23    XL:     6   Next: 39%
Magic:  5/5        EV:  7    Int:  4    God:    Trog [**....]
Gold:   98         SH: 14    Dex: 10    Spells: 5/5 levels left

rFire    . . .     SeeInvis .   a - +0 mace
rCold    . . .     Faith    .   f - +0 tower shield
rNeg     . . .     Spirit   .   d - +0 ring mail
rPois    .         Reflect  .   (helmet restricted)
rElec    .         Harm     .   (no cloak)
rCorr    .         Rampage  .   (no gloves)
Will     ++...                  (no boots)
Stlth    +.........             (no amulet)
HPRegen  1.17/turn              (no ring)
MPRegen  0.09/turn              (no ring)

@: strong-willed, regenerating
A: horns 2, retaliatory headbutt
a: Renounce Religion, Berserk, Trog's Hand


You were on level 4 of the Dungeon.
You worshipped Trog.
Trog was pleased with you.
You visited 1 branch of the dungeon, and saw 4 of its levels.

You collected 98 gold pieces.

Inventory:

Hand Weapons
 a - a +0 mace (weapon)
Armour
 d - a +0 ring mail (worn)
 f - a +0 tower shield (worn)
Wands
 e - a wand of charming (11)
Scrolls
 b - a scroll of teleportation {unknown}
Potions
 c - a potion of lignification {unknown}
 g - 2 potions of brilliance {unknown}


   Skills:
 - Level 3.6 Fighting
 + Level 7.8 Maces & Flails
 - Level 2.4 Armour
 - Level 2.1 Dodging
 - Level 0.4 Stealth
 * Level 3.4 Shields


You had 5 spell levels left.
You didn't know any spells.
Your spell library was empty.

Dungeon Overview and Level Annotations

Branches:
Dungeon (4/15)
 Temple: D:4-7

Altars:
Nemelex Xobeh


Innate Abilities, Weirdness & Mutations

You have a pair of horns on your head.
You reflexively headbutt those who attack you in melee.


Message History

You feel strong-willed. You block the ogre's attack.
The orc priest barely misses you. You furiously retaliate!
You headbutt the orc priest! You hit the ogre but do no damage.
You block the ogre's attack. You block the orc priest's attack.
You block the jackal's attack.
You hit the ogre but do no damage. You headbutt the ogre.
The ogre is lightly wounded.
You block the jackal's attack. You block the orc priest's attack.
You block the orc's attack. You block the ogre's attack.
The jackal completely misses you. You furiously retaliate!
You headbutt the jackal, but do no damage.
You sock the ogre!
The ogre is moderately wounded.
You block the orc priest's attack. You block the orc's attack.
You block the jackal's attack. You block the ogre's attack.
The orc priest hits you with a +0 mace! The jackal barely misses you.
The orc hits you but does no damage.
You hit the ogre. You headbutt the ogre.
The ogre is severely wounded.
The jackal bites you but does no damage.
The ogre barely misses you. You furiously retaliate!
You headbutt the ogre. You block the orc priest's attack.
You block the orc's attack. You block the jackal's attack.
You barely miss the ogre.
The ogre is almost dead.
You block the jackal's attack. You block the ogre's attack.
The orc priest hits you with a +0 mace. The orc hits you but does no damage.
The jackal barely misses you. The orc priest closely misses you.
You block the orc's attack. The ogre hits you with a +0 giant club!
You hit the ogre.
The ogre is almost dead.
You block the jackal's attack.
The orc priest mumbles some strange prayers to Beogh against you.
Beogh smites you!
* * * LOW HITPOINT WARNING * * *
You block the orc's attack.
A kobold comes into view. It is wielding a +0 club.
The jackal bites you but does no damage.
The ogre hits you with a +0 giant club!
You die...

.... ..K ## .. ...
#'####+# ....
#......#
.....#..h...#
......ooOo..#
+########h@...#
#........#....#
.+####'.#....# ..
#....#.#....#...
#.##.#.#..###...
#.##.#.#........
#....#.#........
.+####'.#........
..#........#........


You could see an ogre, an orc priest, 2 orcs, 2 jackals and a kobold
(wandering).

Vanquished Creatures
  Menkaure (D:4)
  2 orc priests (D:3)
  2 orc wizards (D:3)
  3 adders
  4 gnolls
  A dart slug (D:1)
  6 orcs (D:3)
  7 bats
  5 endoplasms
  3 giant cockroaches
  3 goblins
  3 hobgoblins
  4 jackals (D:1)
  5 kobolds
  3 quokkas
  5 ball pythons
  5 frilled lizards
  4 rats
66 creatures vanquished.

Notes
Turn   | Place    | Note
-------+----------+-------------------------------------------
     0 | D:1      | dianekeaton the Minotaur Berserker began the quest for the
                  | Orb.
     0 | D:1      | Reached XP level 1. HP: 19/19 MP: 0/0
    14 | D:1      | Reached skill level 4 in Maces & Flails
    17 | D:1      | Reached XP level 2. HP: 20/26 MP: 1/1
   462 | D:1      | Reached skill level 5 in Maces & Flails
   585 | D:1      | Reached XP level 3. HP: 31/31 MP: 2/2
   886 | D:2      | Found a sparkling altar of Nemelex Xobeh.
   894 | D:2      | Reached ** piety under Trog
   897 | D:2      | Reached XP level 4. HP: 34/39 MP: 3/3
   901 | D:2      | Reached skill level 6 in Maces & Flails
  1821 | D:3      | Reached skill level 1 in Shields
  1845 | D:3      | Reached XP level 5. HP: 25/45 MP: 4/4
  2465 | D:3      | Reached skill level 7 in Maces & Flails
  3061 | D:3      | Found a faded altar of an unknown god.
  3181 | D:4      | Noticed Menkaure
  3191 | D:4      | Killed Menkaure
  3192 | D:4      | Reached XP level 6. HP: 27/51 MP: 5/5
  3373 | D:4      | Slain by an ogre

Illustrated notes

Levels and vault maps discovered:
D:1:      onia_arrival_pyramid, layout_rooms
D:2:      layout_loops_ring, basic_altar
D:3:      layout_basic, hellmonk_ecumenical_altar_leap_of_faith
D:4:      layout_gridville, minmay_temple_entry_hall, minivault_11,
          minmay_door_square, minmay_misc_feat_enclosed, uniq_blork_the_orc,
          uniq_menkaure

Skill      XL: |  1  2  3  4  5 |
---------------+----------------+-----
Maces & Flails | 4 5 6 7 |  7.8
Shields        | 1 3 |  3.4
Fighting       | |  3.6
Armour         | |  2.4
Dodging        | |  2.1
Stealth        | |  0.4

Action                   |  1- 3 |  4- 6 || total
-------------------------+-------+-------++-------
Melee: Mace              |    49 |    99 ||   148
       Headbutt          |     5 |    14 ||    19
Invok: Berserk           |     2 |     3 ||     5
       Trog's Hand       |       |     3 ||     3
  Use: Scroll            |     1 |     5 ||     6
       Potion            |       |     1 ||     1
Armor: Animal skin       |     7 |       ||     7
       Ring mail         |     6 |    39 ||    45
Dodge: Dodged            |    37 |    33 ||    70
Block: Tower shield      |       |    82 ||    82
